 Dungeon Crawl Stone Soup version 0.29.1-1-gd02db6906a (webtiles) character file.

Game seed: 6320617183952197524

351 RogueRain17 the Conjurer (level 6, 41/41 HPs)
             Began as a Demonspawn Conjurer on Sept 24, 2022.
             Was a Follower of Wu Jian.
             Got out of the dungeon alive.
             The game lasted 00:10:37 (4345 turns).

RogueRain17 the Conjurer (Demonspawn Conjurer)      Turns: 4345, Time: 00:10:37

Health: 41/41      AC:  3    Str:  6 (7)  XL:     6   Next: 34%
Magic:  9/9        EV: 12    Int: 20 (22) God:    Wu Jian [*.....]
Gold:   159        SH:  4    Dex: 10 (11) Spells: 6/9 levels left

rFire   . . .      SeeInvis .   (no weapon)
rCold   . . .      Faith    .   (no shield)
rNeg    . . .      Spirit   .   a - +0 robe
rPois   .          Reflect  .   (no helmet)
rElec   .          Harm     .   (no cloak)
rCorr   .          Rampage  .   k - +0 pair of gloves
Will    .....                   (no boots)
Stlth   ++........              (no amulet)
HPRegen 0.13/turn               (no ring)
MPRegen 0.11/turn               (no ring)

@: no status effects
A: hooves 1, large bone plates 1, demonic guardian 1
a: Renounce Religion


You escaped.
You worshipped Wu Jian.
Wu Jian was aware of your devotion.
You visited 1 branch of the dungeon, and saw 3 of its levels.

You collected 159 gold pieces.

Inventory:

Armour
 a - a +0 robe (worn)
 k - a +0 pair of gloves (worn)
Jewellery
 o - a ring of wizardry
Scrolls
 c - 2 scrolls of teleportation
 h - a scroll of poison
 i - a scroll of vulnerability
 j - a scroll of summoning
 q - a scroll of magic mapping {unknown}
 r - a scroll of enchant armour {unknown}
 t - a scroll of noise {unknown}
Potions
 b - a potion of curing
 d - a potion of cancellation {unknown}
 e - 2 potions of mutation {unknown}
 g - a potion of haste
 l - a potion of berserk rage {unknown}
 m - a potion of resistance {unknown}
 n - 2 potions of flight {unknown}
 p - a potion of heal wounds {unknown}
 s - 2 potions of brilliance {unknown}


   Skills:
 - Level 1.7 Dodging
 - Level 1.7 Stealth
 - Level 2.0 Spellcasting
 + Level 7.7 Conjurations


You had 6 spell levels left.
You knew the following spells:

 Your Spells              Type           Power      Damage    Failure   Level
a - Magic Dart            Conj           100%       1d8       1%          1
b - Searing Ray           Conj           66%        2d6       1%          2

Your spell library contained the following spells:

 Spells                   Type           Power      Damage    Failure   Level
 Dazzling Flash           Conj/Hex       34%        N/A       10%         3
 Fulminant Prism          Conj/Hex       8%         3d7       32%         4
 Iskenderun's Mystic Bla  Conj/Tloc      17%        2d5       32%         4


Dungeon Overview and Level Annotations

Branches:
Dungeon (3/15)

Altars:
Gozag
Wu Jian

Shops:
D:3 ?


Innate Abilities, Weirdness & Mutations

You have large cloven feet.
You are partially covered in large bone plates. (SH +4)
A weak demonic guardian rushes to your aid.


Message History

There is a stone staircase leading down here.
Things that are here:
2 stones; a +0 dagger; a +0 club A hobgoblin comes into view.
The hobgoblin shouts!
You can't go up here!
The magic dart hits the hobgoblin.
You kill the hobgoblin!
The Council accepts your kill.
You can't see any susceptible monsters within range! (Use Z to cast anyway.) Unknown command.
Robin is nearby!
You can't go up here!
The magic dart hits Robin but does no damage.
The magic dart hits Robin.
Robin is moderately wounded.
The magic dart hits Robin.
Robin is heavily wounded.
The magic dart hits Robin.
Robin is severely wounded.
The magic dart hits Robin but does no damage.
Robin is severely wounded.
The magic dart hits Robin but does no damage.
Robin is severely wounded.
You block Robin's attack.
The magic dart hits Robin.
You kill Robin!
The Council accepts your kill.
You can't see any susceptible monsters within range! (Use Z to cast anyway.) Magic restored.
Things that are here:
a +0 trident; a +0 animal skin; a +2 helmet
There is a stone staircase leading up here.
You climb upwards.
There is a stone staircase leading down here.
You see here 7 stones.
You see here a +0 mace.
There is a staircase leading out of the dungeon here.
Are you sure you want to leave the Dungeon?
This will make you lose the game!
You have escaped!

### ##@##
#...### #.....##
##.....###
##.......##
##.........###
#.....8......##
##...##.......##
#...##.(...#..#


There were no monsters in sight!

Vanquished Creatures
  A black bear (D:3)
  The ghost of Arctor the Shield-Bearer, an amateur GrFi of Kikubaaqudgha (D:3)
  2 orc priests (D:3)
  Robin (D:2)
  An adder (D:2)
  2 worms
  3 dart slugs
  10 orcs (D:3)
  3 endoplasms
  2 giant cockroaches (D:2)
  13 goblins
  9 hobgoblins
  6 jackals
  6 kobolds
  4 quokkas
  7 ball pythons
  6 bats
  7 frilled lizards
  8 rats
92 creatures vanquished.

Notes
Turn   | Place    | Note
-------+----------+-------------------------------------------
     0 | D:1      | RogueRain17 the Demonspawn Conjurer began the quest for the
                  | Orb.
     0 | D:1      | Reached XP level 1. HP: 13/13 MP: 3/3
   220 | D:1      | Gained mutation: You are partially covered in large bone
                  | plates. (SH +4) [demonic ancestry]
   220 | D:1      | Reached XP level 2. HP: 19/19 MP: 3/5
  1066 | D:2      | Reached skill level 5 in Conjurations
  1140 | D:2      | Reached XP level 3. HP: 24/24 MP: 2/6
  1644 | D:2      | Noticed Robin
  1993 | D:2      | Gained mutation: You have large cloven feet. [demonic
                  | ancestry]
  1993 | D:2      | Reached XP level 4. HP: 30/30 MP: 3/7
  2702 | D:3      | Found a faded altar of an unknown god.
  2772 | D:3      | Reached skill level 6 in Conjurations
  2845 | D:3      | Found Dueguleg's Magic Scroll Shoppe.
  2845 | D:3      | Noticed a black bear
  2850 | D:3      | Learned a level 2 spell: Searing Ray
  2855 | D:3      | HP: 1/30 [black bear (6)]
  2856 | D:3      | Killed a black bear
  2857 | D:3      | Reached XP level 5. HP: 1/35 MP: 0/8
  3197 | D:3      | Reached skill level 7 in Conjurations
  3655 | D:3      | Found an opulent altar of Gozag.
  3731 | D:3      | Found a runed translucent door.
  3732 | D:3      | Noticed Arctor's ghost (amateur GrFi)
  4009 | D:3      | Killed Arctor's ghost
  4010 | D:3      | Gained mutation: A weak demonic guardian rushes to your
                  | aid. [demonic ancestry]
  4010 | D:3      | Reached XP level 6. HP: 41/41 MP: 0/9
  4145 | D:3      | Prayed at the altar of an unknown god.
  4145 | D:3      | Became a worshipper of the Wu Jian Council
  4145 | D:3      | Reached * piety under Wu Jian
  4210 | D:2      | Killed Robin
  4345 | D:$      | Got out of the dungeon alive.

Illustrated notes

Levels and vault maps discovered:
D:1:      eino_arrival_cavern_d, layout_basic
D:2:      layout_basic, st_stairs_4, uniq_robin
D:3:      layout_loops_ring, marbit_many_paths, ebering_ecumenical_altar_mist,
          ebering_ghost_reflecting_pool, serial_shops, nicolae_shop_behind_doors

Skill      XL: |  1  2  3  4  5 |
---------------+----------------+-----
Conjurations   | 5 6 7 |  7.7
Dodging        | |  1.7
Stealth        | |  1.7
Spellcasting   | |  2.0

Action                   |  1- 3 |  4- 6 || total
-------------------------+-------+-------++-------
Melee: Unarmed           |    10 |     7 ||    17
       Kick              |       |     2 ||     2
 Cast: Magic Dart        |    95 |    76 ||   171
       Searing Ray       |       |     6 ||     6
  Use: Potion            |       |     3 ||     3
       Scroll            |       |     4 ||     4
Armor: Robe              |     4 |     8 ||    12
Dodge: Dodged            |    12 |     9 ||    21
Block: Other             |     4 |     4 ||     8
